 Dungeon Crawl Stone Soup version 0.24.0-13-gcf9b3192b9 (webtiles) character file.

Game seed: 9686003311345326597, levelgen mode: deterministic

2356 Arthanis the Cleaver (level 9, -7/57 HPs)
             Began as a Gargoyle Berserker on Nov 5, 2019.
             Was a High Priest of Trog.
             Mangled by an orc warrior
             ... wielding a +0 glaive
              (24 damage)
             ... on level 7 of the Dungeon.
             The game lasted 00:11:00 (5161 turns).

Arthanis the Cleaver (Gargoyle Berserker)           Turns: 5161, Time: 00:11:01

Health: -7/57      AC: 17    Str: 22    XL:     9   Next: 44%
Magic:  9/9        EV:  4    Int: 10    God:    Trog [*****.]
Gold:   385        SH: 14    Dex:  9    Spells: 8/8 levels left

rFire    + . .     SeeInvis .   N - +3 mace
rCold    . . .     Gourm    .   r - +0 large shield
rNeg     + . .     Faith    .   w - +0 chain mail
rPois    ∞         Spirit   .   t - +1 hat
rElec    +         Reflect  .   (no cloak)
rCorr    .         Harm     .   (no gloves)
MR       .....                  (no boots)
Stlth    ..........             (no amulet)
HPRegen  0.19/turn              e - ring of protection from cold
MPRegen  0.11/turn              d - ring of fire

@: berserk cooldown, slowed, very slow
A: negative energy resistance 1, electricity resistance, unbreathing,
petrification resistance, rot immunity, AC +6
a: Berserk, Trog's Hand, Brothers in Arms, Renounce Religion


You were on level 7 of the Dungeon.
You worshipped Trog.
Trog was extremely pleased with you.
You were not hungry.

You visited 1 branch of the dungeon, and saw 7 of its levels.
You also visited: Ossuary.

You collected 385 gold pieces.

Inventory:

Hand Weapons
 a - a +0 hand axe
 x - a +0 war axe
 M - a +0 morningstar
 N - a +3 mace (weapon)
Armour
 b - a +0 animal skin
 g - a +0 ring mail
 r - a +0 large shield (worn)
 t - a +1 hat (worn)
 w - a +0 chain mail (worn)
 E - a +0 buckler
Jewellery
 d - a ring of fire (right hand)
 e - a ring of protection from cold (left hand)
 m - an uncursed ring of resist corrosion
 n - an uncursed ring of flight
 K - an uncursed ring of wizardry
Wands
 D - a wand of random effects (18)
 G - a wand of polymorph (14)
Scrolls
 h - a scroll of fog {unknown}
 i - 7 scrolls of teleportation
 j - 3 scrolls of enchant armour
 k - 2 scrolls of immolation
 o - 3 scrolls of amnesia
 p - a scroll of enchant weapon
 u - a scroll of blinking
 y - a scroll of noise
 A - 2 scrolls of remove curse
 B - 2 scrolls of random uselessness
Potions
 f - 3 potions of curing {unknown}
 l - a potion of lignification {unknown}
 q - 3 potions of resistance
 s - 2 potions of brilliance
 v - 3 potions of heal wounds {unknown}
 z - a potion of invisibility {unknown}
 C - 2 potions of flight {unknown}
 F - a potion of haste {unknown}
 H - a potion of might {unknown}
 J - a potion of agility {unknown}
 L - a potion of berserk rage {unknown}
Comestibles
 c - 16 rations


   Skills:
 + Level 7.1 Fighting
 * Level 8.1 Axes
 + Level 6.7 Armour
 - Level 2.0 Dodging
 - Level 4.0 Shields


You had 8 spell levels left.
You didn't know any spells.
Your spell library contained the following spells:

 Spells                   Type           Power        Failure   Level  Hunger
 Magic Dart               Conj           #...         100%        1    ##.....
 Searing Ray              Conj           #.....       100%        2    ###....
 Dazzling Spray           Conj/Hex       #.....       100%        3    ####...
 Force Lance              Conj/Tloc      #.......     100%        4    #####..
 Fulminant Prism          Conj/Hex       #.........   100%        4    #####..
 Iskenderun's Mystic Bla  Conj           #.......     100%        4    #####..


Dungeon Overview and Level Annotations

Branches:
Dungeon (7/15)             Temple (0/1) D:6         Ossuary (visited)

Altars:
Dithmenos


Innate Abilities, Weirdness & Mutations

You are resistant to torment.
Your stone body is resilient. (AC +6)
You are immune to poison.
You resist negative energy. (rN+)
You are resistant to electric shocks. (rElec)
You can survive without breathing.
You are immune to petrification.
You are immune to rotting.


Message History

You are too injured to fight recklessly!
You are too injured to fight recklessly!
You are too injured to fight recklessly!
You are too injured to fight recklessly!
You are too injured to fight recklessly!
You are too injured to fight recklessly!
You are too injured to fight recklessly!
You are too injured to fight recklessly!
You are too injured to fight recklessly!
You closely miss the orc warrior.
The orc warrior is almost dead.
You block the orc warrior's attack.
The orc priest casts a cantrip, but nothing happens.
Your shield and chain mail prevent you from hitting the orc warrior.
The orc warrior is almost dead.
You are no longer berserk.
You are exhausted.
You feel yourself slow down.
The orc warrior hits you with a +0 glaive!!
You die...

,,,,,* #.#
*,,,*******
#.#
******,,,,*
#.# ****,*
#.# *,* #.#
*,* #.# *,*
#.#
*.########.#
*...oooo@..#
*###########


You could see an orc warrior, 2 orc priests and an orc.

Vanquished Creatures
  A sky beast (D:5)
  2 ice beasts (D:7)
  A phantom (D:5)
  2 centaurs
  An ogre (D:5)
  A bullfrog (D:5)
  3 water moccasin zombies (Ossuary)
  3 scorpions
  3 wights (D:6)
  3 howler monkeys (D:6)
  3 crimson imps
  3 hounds
  2 jellies
  6 orc wizards
  2 orc priests (D:6)
  A bullfrog skeleton (D:5)
  Jessica (D:2)
  3 iguanas
  6 worker ants
  4 big kobold zombies (Ossuary)
  3 mummies
  A hound skeleton (D:5)
  11 adders
  2 oozes
  2 adder zombies (Ossuary)
  An adder skeleton (D:3)
  2 worms
  4 dart slugs
  6 leopard geckos
  18 orcs
  7 giant cockroaches
  3 gnoll zombies (Ossuary)
  13 hobgoblins
  2 jackals (D:2)
  4 quokkas
  A ball python (D:1)
  A ball python zombie (D:5)
  2 bats
  4 frilled lizards
  7 goblins
  3 hobgoblin zombies (Ossuary)
  8 kobolds
  4 kobold zombies
  A leopard gecko skeleton (D:4)
  4 orc zombies
  2 quokka skeletons
  6 rats
173 creatures vanquished.

Notes
Turn   | Place    | Note
-------+----------+-------------------------------------------
     0 | D:1      | Arthanis the Gargoyle Berserker began the quest for the
                  | Orb.
     0 | D:1      | Reached XP level 1. HP: 14/14 MP: 1/1
   102 | D:1      | Reached XP level 2. HP: 3/19 MP: 2/2
   144 | D:1      | Reached skill level 3 in Axes
   471 | D:1      | Reached XP level 3. HP: 23/23 MP: 3/3
   544 | D:1      | Reached ** piety under Trog
   923 | D:2      | Reached XP level 4. HP: 23/29 MP: 4/4
  1047 | D:2      | Noticed Jessica
  1060 | D:2      | Killed Jessica
  1060 | D:2      | Reached skill level 4 in Axes
  1060 | D:2      | Reached XP level 5. HP: 33/33 MP: 5/5
  1454 | D:3      | Reached *** piety under Trog
  1549 | D:3      | Found a faded altar of an unknown god.
  1647 | D:3      | Reached XP level 6. HP: 39/39 MP: 6/6
  1754 | D:3      | You fall into a shaft and drop 3 floors!
  1776 | D:5      | Entered Level 5 of the Dungeon
  1809 | D:5      | Reached skill level 5 in Axes
  1858 | D:5      | Reached skill level 5 in Fighting
  1858 | D:5      | Reached XP level 7. HP: 23/44 MP: 7/7
  2944 | D:5      | Reached skill level 6 in Axes
  2991 | D:5      | Reached skill level 5 in Armour
  3009 | D:5      | Reached skill level 1 in Shields
  3009 | D:5      | Reached XP level 8. HP: 39/51 MP: 8/8
  3454 | D:6      | Reached **** piety under Trog
  3526 | D:6      | Reached skill level 7 in Axes
  3627 | D:6      | Found a shadowy altar of Dithmenos.
  4047 | D:6      | Found a staircase to the Ecumenical Temple.
  4182 | D:7      | Reached XP level 9. HP: 56/56 MP: 9/9
  4344 | D:7      | Found a sand-covered staircase.
  4355 | Ossuary  | Entered an ossuary
  4526 | Ossuary  | Reached ***** piety under Trog
  4889 | D:7      | Reached skill level 8 in Axes
  5161 | D:7      | Mangled by an orc warrior

Levels and vault maps discovered:
D:1:      lemuel_arrival_hallway, layout_loops_ring, minmay_close_crescents
D:2:      layout_basic, first_ration, uniq_jessica
D:3:      layout_rooms, chequers_ecumenical_altar_twisty
D:4:      layout_loops_corners
D:5:      layout_cave_pools
D:6:      layout_loops_ring, lemuel_doored_altar, temple_statues
D:7:      layout_loops_ring, nicolae_ossuary_entry_giza, minmay_three_doors

Skill      XL: |  1  2  3  4  5  6  7  8  9 |
---------------+----------------------------+-----
Axes           | 3 4 5 6 7 8 |  8.1
Dodging        | 2 |  2.0
Armour         | 3 4 5 6 |  6.7
Fighting       | 4 5 6 7 |  7.1
Shields        | 1 3 4 |  4.0

Action                   |  1- 3 |  4- 6 |  7- 9 || total
-------------------------+-------+-------+-------++-------
Melee: Hand axe          |   149 |   110 |       ||   259
       War axe           |       |    51 |   409 ||   460
       Mace              |       |       |   150 ||   150
Invok: Berserk           |       |     3 |     8 ||    11
  Use: Scroll            |       |       |    14 ||    14
 Stab: Distracted        |     1 |       |       ||     1
       Sleeping          |     1 |       |       ||     1
  Eat: Chunk             |       |     6 |    13 ||    19
       Ration            |       |       |     2 ||     2
Armor: Animal skin       |     6 |       |       ||     6
       Ring mail         |    49 |    42 |       ||    91
       Chain mail        |       |    67 |   315 ||   382
Dodge: Dodged            |    98 |    95 |   176 ||   369
Block: Buckler           |       |       |    36 ||    36
       Large shield      |       |       |   131 ||   131
